[Event "January 2 Late 2024"]
[Site "https://www.chess.com"]
[Date "2024.01.02"]
[Round "9"]
[White "Zomorrodian, Eilia"]
[Black "Mizzi, Jack"]
[Result "1-0"]
[Board "71"]
[TimeControl "180+1"]
[WhiteFideId "12551805"]
[BlackFideId "5602521"]
[WhiteElo "2595"]
[BlackElo "2464"]
[WhiteTeam "CAN"]
[BlackTeam "MLT"]
[WhiteClock "0:01:09"]
[BlackClock "0:00:00"]

1. e4 c6 2. d4 d5 3. exd5 cxd5 4. c4 dxc4 5. Bxc4 e6 6. Nf3 Nf6 7. Nc3 a6 8. a3 b5 9. Ba2 Be7 10. O-O O-O 11. Ne5 Bb7 12. Re1 Nc6 13. Be3 b4 14. Na4 bxa3 15. bxa3 Nd5 16. Rb1 Nxe3 17. fxe3 Nxe5 18. Rxb7 Ng6 19. Nb6 Bh4 20. Rf1 Qg5 21. Qf3 Rad8 22. Nd7 f5 23. Bxe6+ Kh8 24. Nxf8 Rxf8 25. d5 Ne5 26. Qf4 1-0

[Event "January 2 Late 2024"]
[Site "https://www.chess.com"]
[Date "2024.01.02"]
[Round "9"]
[White "Dobrijevic, Milan"]
[Black "Gontcharov, Vladislav"]
[Result "1-0"]
[Board "72"]
[TimeControl "180+1"]
[WhiteFideId "931632"]
[BlackFideId "4123492"]
[WhiteElo "2452"]
[BlackElo "2593"]
[WhiteTeam "SRB"]
[BlackTeam "RUS"]
[WhiteClock "0:00:07"]
[BlackClock "0:00:00"]

1. e4 e6 2. d4 d5 3. Nc3 Nc6 4. Nf3 Nf6 5. Bg5 Be7 6. e5 Ne4 7. Bxe7 Qxe7 8. Bd3 Nxc3 9. bxc3 Bd7 10. O-O Na5 11. Qe2 O-O 12. Nd2 c5 13. Nb3 b6 14. dxc5 Nxb3 15. cxb3 Qxc5 16. Rac1 a5 17. c4 d4 18. Rfd1 g6 19. Be4 Rad8 20. f4 a4 21. Rd3 axb3 22. axb3 b5 23. Qf2 Be8 24. h4 f6 25. exf6 Rxf6 26. g3 e5 27. Rf3 bxc4 28. Rxc4 Qe7 29. fxe5 Rxf3 30. Qxf3 Bf7 31. Rc6 Qxe5 32. Rf6 Be6 33. Bd3 Kg7 34. Rf4 Bxb3 35. Qb7+ Kh6 36. Qxb3 Qe1+ 37. Kh2 Rc8 38. Bf1 Rc3 39. Qf7 Qxg3+ 40. Kh1 Rc2 41. Qf8+ Kh5 42. Rf5+ gxf5 43. Qxf5+ Kxh4 44. Qxc2 1-0

[Event "January 2 Late 2024"]
[Site "https://www.chess.com"]
[Date "2024.01.02"]
[Round "9"]
[White "Asish Panda"]
[Black "Seletsky, Grigory"]
[Result "1-0"]
[Board "73"]
[TimeControl "180+1"]
[WhiteFideId "45012458"]
[BlackFideId "14112191"]
[WhiteElo "2561"]
[BlackElo "2436"]
[WhiteTeam "IND"]
[BlackTeam "UKR"]
[WhiteClock "0:01:17"]
[BlackClock "0:00:48"]

1. e4 e6 2. Nf3 d5 3. Nc3 Nf6 4. e5 Nfd7 5. d4 c5 6. dxc5 Nc6 7. Bf4 Nxc5 8. Bd3 Be7 9. Qe2 Nb4 10. Bb5+ Bd7 11. Bxd7+ Qxd7 12. a3 Nc6 13. O-O Qc8 14. Rad1 O-O 15. h4 a6 16. h5 b5 17. h6 g6 18. Bg5 Qc7 19. Qe3 Bxg5 20. Qxg5 Qe7 21. Qf4 Rac8 22. Nh2 Nd7 23. Ng4 f6 24. exf6 Nxf6 25. Rfe1 Ne4 26. Qe3 Nxc3 27. bxc3 Rce8 28. Ne5 Nxe5 29. Qxe5 Rf5 30. Qd4 Qg5 31. Qg7# 1-0

[Event "January 2 Late 2024"]
[Site "https://www.chess.com"]
[Date "2024.01.02"]
[Round "9"]
[White "Khodabandeh, Milad"]
[Black "RaugintaBulba"]
[Result "0-1"]
[Board "74"]
[TimeControl "180+1"]
[WhiteFideId "12538620"]
[WhiteElo "2398"]
[BlackElo "2544"]
[WhiteTeam "IRI"]
[WhiteClock "0:00:00"]
[BlackClock "0:00:09"]

1. e4 c5 2. Nf3 e6 3. d4 cxd4 4. Nxd4 a6 5. Nc3 b5 6. a4 b4 7. Nce2 Bb7 8. Ng3 Qc7 9. Bd3 Nc6 10. Nxc6 Bxc6 11. O-O Nf6 12. Qe2 d5 13. exd5 Nxd5 14. Bxa6 h5 15. Bb5 h4 16. Nf5 h3 17. Nd4 Bd7 18. Nxe6 fxe6 19. Qxe6+ Ne7 20. Bf4 Qb7 21. Bxd7+ Qxd7 22. Qxd7+ Kxd7 23. Rfd1+ Ke8 24. g3 Rh5 25. b3 Rc5 26. Rd2 Ng6 27. Re1+ Kf7 28. Be3 Ne5 29. Bxc5 Nf3+ 30. Kh1 Nxd2 31. Bxf8 Rxf8 32. f4 Rc8 33. Ra1 Rxc2 34. Kg1 Nf3+ 35. Kf1 Kf6 36. a5 Kf5 37. a6 Ke4 38. a7 Ke3 39. Re1+ Nxe1 40. a8=Q Nf3 41. Qa7+ Kd3 42. Qa6+ Kc3 43. Qc4+ Kb2 44. Qd3 Nd2+ 45. Kg1 Nxb3 46. Kh1 Rc1+ 0-1

[Event "January 2 Late 2024"]
[Site "https://www.chess.com"]
[Date "2024.01.02"]
[Round "9"]
[White "Korchmar, Vasiliy"]
[Black "Mazurkiewicz, Michal"]
[Result "1-0"]
[Board "75"]
[TimeControl "180+1"]
[WhiteFideId "24131750"]
[BlackFideId "1124943"]
[WhiteElo "2719"]
[BlackElo "2433"]
[WhiteTeam "RUS"]
[BlackTeam "POL"]
[WhiteClock "0:00:33"]
[BlackClock "0:00:03"]

1. e4 d6 2. d4 Nf6 3. Nc3 c6 4. Nf3 Bg4 5. Bc4 e6 6. h3 Bh5 7. g4 Bg6 8. h4 Nxe4 9. Nxe4 Bxe4 10. Bd3 Bxd3 11. Qxd3 Nd7 12. Bd2 d5 13. O-O-O Qb6 14. h5 O-O-O 15. Ng5 Re8 16. Nxf7 Rg8 17. Qxh7 Be7 18. Qd3 Rgf8 19. Qg6 Qxd4 20. Ng5 Bf6 21. c3 Qxf2 22. Nh7 Rg8 23. g5 Be5 24. Rhf1 Qe2 25. Rf7 Qe4 26. Qxe4 dxe4 27. Be3 Nb6 28. h6 Nd5 29. Bxa7 gxh6 30. gxh6 Bf4+ 31. Kb1 Bxh6 32. c4 Ne3 33. Bxe3 Bxe3 34. Nf6 Rgf8 35. Nxe8 Rxf7 36. Nd6+ Kc7 37. Nxf7 Bf4 38. Nd8 e3 39. Nxe6+ Kb6 40. Nxf4 Kc5 41. Ne2 b5 42. Kc2 Kb4 43. cxb5 cxb5 44. Rd3 Ka4 45. Rxe3 b4 46. Rb3 Kb5 47. Kd3 Ka5 48. Kc4 Ka6 49. Rxb4 1-0

[Event "January 2 Late 2024"]
[Site "https://www.chess.com"]
[Date "2024.01.02"]
[Round "9"]
[White "Dobre, Claudiu-Cristian"]
[Black "Lewtak, Damian"]
[Result "0-1"]
[Board "76"]
[TimeControl "180+1"]
[WhiteFideId "1211854"]
[BlackFideId "1141724"]
[WhiteElo "2492"]
[BlackElo "2699"]
[WhiteTeam "ROU"]
[BlackTeam "POL"]
[WhiteClock "0:00:07"]
[BlackClock "0:00:37"]

1. d4 Nf6 2. Nf3 e6 3. Bg5 c5 4. c3 Nc6 5. e3 cxd4 6. exd4 h6 7. Bh4 g5 8. Bg3 Ne4 9. Nbd2 Nxg3 10. hxg3 Bg7 11. Bd3 d5 12. Qe2 Qe7 13. Nf1 Bd7 14. Ne3 O-O-O 15. O-O-O Kb8 16. Kb1 Qd6 17. Ng4 f5 18. Nge5 Bxe5 19. Nxe5 Nxe5 20. Qxe5 Qxe5 21. dxe5 d4 22. cxd4 Bc6 23. Bc4 Bxg2 24. Rh2 Bd5 25. b3 h5 26. Kb2 h4 27. Bxd5 Rxd5 28. gxh4 gxh4 29. Kc3 Rd7 30. Rh3 Rc8+ 31. Kd3 Rxd4+ 32. Kxd4 Rd8+ 33. Ke3 Rxd1 34. Rxh4 Re1+ 35. Kf4 Re4+ 36. Kg5 Rxe5 37. Kf6 Re2 38. f4 Re4 39. Kg5 Kc7 40. Rh3 a5 41. Rc3+ Kb6 42. Kf6 Rxf4 43. Kxe6 Rf2 44. a4 f4 45. Ke5 Rf1 46. Ke4 f3 47. Ke3 Rh1 48. Rc4 Rh5 49. Rf4 Kc5 50. Kf2 Rh2+ 51. Kg3 Rb2 52. Rf5+ Kc6 53. Rb5 f2 54. Kg2 b6 55. Kf1 Rd2 56. Kg2 Rd5 57. Rxd5 Kxd5 58. Kxf2 Kd4 59. Ke2 Kc3 0-1

[Event "January 2 Late 2024"]
[Site "https://www.chess.com"]
[Date "2024.01.02"]
[Round "9"]
[White "Bochnicka, Vladimir"]
[Black "Blanco Ronquillo, Humberto L."]
[Result "0-1"]
[Board "77"]
[TimeControl "180+1"]
[WhiteFideId "14943450"]
[BlackFideId "3504239"]
[WhiteElo "2483"]
[BlackElo "2685"]
[WhiteTeam "SVK"]
[BlackTeam "CUB"]
[WhiteClock "0:00:58"]
[BlackClock "0:01:43"]

1. e4 e5 2. Nf3 Nc6 3. Bc4 Nf6 4. d3 Be7 5. O-O O-O 6. Re1 d6 7. a4 Kh8 8. a5 a6 9. c3 Ng8 10. Nbd2 f5 11. exf5 Bxf5 12. h3 d5 13. Bb3 Bxd3 14. Nxe5 Nxe5 15. Rxe5 c6 16. Bc2 Bxc2 17. Qxc2 Nf6 18. Ra4 Bc5 19. Rh4 Bxf2+ 20. Kxf2 Ne4+ 21. Kg1 Qxh4 22. Nxe4 Qe1+ 23. Kh2 Rf1 24. g4 Rh1+ 25. Kg2 Qf1+ 26. Kg3 Rxh3# 0-1

[Event "January 2 Late 2024"]
[Site "https://www.chess.com"]
[Date "2024.01.02"]
[Round "9"]
[White "Martinez Ramirez, Lennis"]
[Black "Toktomushev, Teimur"]
[Result "0-1"]
[Board "78"]
[TimeControl "180+1"]
[WhiteFideId "3509079"]
[BlackFideId "14176726"]
[WhiteElo "2682"]
[BlackElo "2467"]
[WhiteTeam "CUB"]
[BlackTeam "UKR"]
[WhiteClock "0:01:58"]
[BlackClock "0:00:06"]

1. b3 e5 2. g3 d5 3. Bg2 Nf6 4. Bb2 Nc6 5. e3 Bd6 6. Ne2 h5 7. h3 h4 8. g4 e4 9. d3 Be6 10. Nd2 exd3 11. cxd3 Qe7 12. a3 Ne5 13. Nf3 Nfd7 14. Nfd4 c6 15. b4 a5 16. b5 Nc5 17. Nf4 g5 18. Ndxe6 fxe6 19. Bxe5 Bxe5 20. Ng6 Bc3+ 21. Ke2 Qf6 22. Nxh8 Qxh8 23. bxc6 Bxa1 24. Qxa1 Qxa1 25. Rxa1 bxc6 26. Rc1 Nb3 27. Rxc6 Kd7 28. Rb6 a4 29. d4 Rc8 30. Bf1 Rc2+ 31. Kf3 Nd2+ 32. Kg2 Ne4 33. Bb5+ Ke7 34. Bd3 Rxf2+ 35. Kg1 Ra2 36. Bxe4 dxe4 37. Rb5 Rxa3 38. Kf2 Ra2+ 39. Ke1 a3 40. Rxg5 Rh2 41. Rg7+ Kf6 42. Ra7 a2 43. Kf1 Rh1+ 44. Kg2 a1=Q 45. g5+ Kxg5 46. Rxa1 Rxa1 47. d5 exd5 48. Kf2 Ra2+ 49. Kg1 d4 50. Kh1 dxe3 51. Kg1 Ra1+ 52. Kg2 e2 53. Kh2 e1=Q 54. Kg2 Qg1# 0-1

[Event "January 2 Late 2024"]
[Site "https://www.chess.com"]
[Date "2024.01.02"]
[Round "9"]
[White "Bhavikatti, Neil"]
[Black "Agibileg, Uurtsaikh"]
[Result "1-0"]
[Board "79"]
[TimeControl "180+1"]
[WhiteFideId "30935024"]
[BlackFideId "4901606"]
[WhiteElo "2465"]
[BlackElo "2645"]
[WhiteTeam "USA"]
[BlackTeam "MGL"]
[WhiteClock "0:00:11"]
[BlackClock "0:00:14"]

1. d4 Nf6 2. c4 e6 3. Nc3 Bb4 4. Qc2 Nc6 5. Nf3 d6 6. Bd2 O-O 7. a3 Bxc3 8. Bxc3 a5 9. e3 Re8 10. Be2 e5 11. dxe5 dxe5 12. O-O a4 13. Rfd1 Qe7 14. b4 axb3 15. Qxb3 h6 16. a4 Rb8 17. a5 Bg4 18. Qb2 Ne4 19. Be1 Nc5 20. h3 Bh5 21. Nxe5 Qxe5 22. Bc3 Qg5 23. Rd5 Bxe2 24. Rxg5 hxg5 25. Qxe2 Rbd8 26. Rd1 f6 27. Rd5 Ne4 28. Qb2 Ne7 29. Rxd8 Rxd8 30. Qc2 f5 31. f3 Nc5 32. Bb4 b6 33. Bxc5 bxc5 34. a6 Nc6 35. Qa4 Na7 36. Qa5 f4 37. Qxc7 Rd1+ 38. Kf2 Rd2+ 39. Ke1 fxe3 40. Qxa7 g4 41. hxg4 Rxg2 42. Qxc5 Ra2 43. a7 e2 44. Qc8+ Kh7 45. a8=Q 1-0

[Event "January 2 Late 2024"]
[Site "https://www.chess.com"]
[Date "2024.01.02"]
[Round "9"]
[White "Palomo, Franklin Annervys"]
[Black "Salman, Ilhan Serhat"]
[Result "1-0"]
[Board "80"]
[TimeControl "180+1"]
[WhiteFideId "3906965"]
[BlackFideId "6361579"]
[WhiteElo "2643"]
[BlackElo "2445"]
[WhiteTeam "VEN"]
[BlackTeam "TUR"]
[WhiteClock "0:00:27"]
[BlackClock "0:00:12"]

1. Nf3 Nf6 2. g3 Rg8 3. Bg2 g5 4. h3 h5 5. d4 g4 6. hxg4 hxg4 7. Ne5 d6 8. Nd3 c6 9. c4 Bf5 10. Nc3 Nbd7 11. e4 Bg6 12. Bf4 Qa5 13. Qd2 O-O-O 14. O-O-O Nb6 15. b3 e5 16. Be3 Be7 17. Kb2 Nfd7 18. d5 c5 19. Ka1 f5 20. exf5 Bxf5 21. Qb2 Bf6 22. Ne4 Bxe4 23. Bxe4 Rh8 24. a3 Qa6 25. Qc1 Kb8 26. Ka2 Rdg8 27. Qc2 Bg7 28. Bf5 Nf6 29. Nb2 Rf8 30. Rdf1 Nbd7 31. Nd1 Qb6 32. Nc3 Qd8 33. Bg5 Qe8 34. Qd3 Rxh1 35. Rxh1 Rh8 36. Qd1 Rxh1 37. Qxh1 Qh8 38. Qxh8+ Bxh8 39. Kb2 a6 40. Kc2 Kc7 41. Kd3 Kd8 42. Ne4 Ke7 43. Bxg4 b6 44. Bxd7 Kxd7 45. Bxf6 1-0

[Event "January 2 Late 2024"]
[Site "https://www.chess.com"]
[Date "2024.01.02"]
[Round "9"]
[White "Vujacic, Igor"]
[Black "Mirzoev, Azer"]
[Result "1/2-1/2"]
[Board "81"]
[TimeControl "180+1"]
[WhiteFideId "932620"]
[BlackFideId "13400304"]
[WhiteElo "2444"]
[BlackElo "2642"]
[WhiteTeam "MNE"]
[BlackTeam "AZE"]
[WhiteClock "0:00:05"]
[BlackClock "0:00:16"]

1. d4 c6 2. Nf3 d5 3. Bf4 Bf5 4. e3 Qb6 5. Qc1 Nd7 6. c4 e6 7. Nc3 Ngf6 8. Nh4 Be4 9. f3 Bg6 10. Nxg6 hxg6 11. c5 Qd8 12. g4 Be7 13. b4 a6 14. Bg2 O-O 15. O-O Re8 16. Bg3 g5 17. h3 Bf8 18. f4 gxf4 19. exf4 g6 20. Qd2 Bg7 21. Rae1 b6 22. Bf3 a5 23. a3 axb4 24. axb4 Ra3 25. Qb2 Qa8 26. Ra1 Rxa1 27. Rxa1 Qb7 28. Qa3 bxc5 29. bxc5 Nh7 30. Ne2 Nhf8 31. Bf2 Rb8 32. Qa6 Qc7 33. Bg3 Rb3 34. Kg2 Rb2 35. Ra2 Rxa2 36. Qxa2 Qb7 37. Bf2 Nf6 38. Ng3 Qb4 39. g5 N6d7 40. Ne2 Qb5 41. h4 Qd3 42. Qa4 Nb8 43. Qa7 Nfd7 44. Qa8 Qa6 45. Qxa6 Nxa6 46. h5 gxh5 47. Bxh5 Nf8 48. Kf3 Ng6 49. Bxg6 fxg6 50. Ke3 Kf7 51. Kd3 Nc7 52. Be1 Nb5 53. Bb4 Ke8 54. Ke3 Bf8 55. Kd3 Be7 56. Nc3 Nxc3 57. Bxc3 Kd7 58. Bd2 Kc7 59. Kc3 Kb7 60. Kb4 Ka6 61. Ka4 Bd8 62. Bb4 Bc7 63. Bd2 Bb8 64. Be3 Bc7 65. Bd2 Bd8 66. Be1 Bc7 67. Bd2 1/2-1/2

[Event "January 2 Late 2024"]
[Site "https://www.chess.com"]
[Date "2024.01.02"]
[Round "9"]
[White "Morales Garcia, Sergio Joshafatt"]
[Black "Goryachkina, Aleksandra"]
[Result "0-1"]
[Board "82"]
[TimeControl "180+1"]
[WhiteFideId "5106249"]
[BlackFideId "4147103"]
[WhiteElo "2443"]
[BlackElo "2633"]
[WhiteTeam "MEX"]
[BlackTeam "FID"]
[WhiteClock "0:00:00"]
[BlackClock "0:01:42"]

1. d4 Nf6 2. c4 e6 3. Nf3 d5 4. Nc3 Nbd7 5. Bg5 Be7 6. e3 h6 7. Bh4 O-O 8. Qc2 a6 9. a3 dxc4 10. Bxc4 b5 11. Bd3 Bb7 12. b4 a5 13. Rb1 Bxf3 14. gxf3 c6 15. O-O axb4 16. axb4 Rc8 17. Bg3 Nb6 18. f4 Nbd5 19. Nxd5 Nxd5 20. Qd2 f5 21. e4 fxe4 22. Bxe4 Bd6 23. Bxd5 exd5 24. Rfe1 Qf6 25. Rbc1 Bxf4 26. Qxf4 Qxf4 27. Bxf4 Rxf4 28. Re7 Rxd4 29. Rc3 Rxb4 0-1

[Event "January 2 Late 2024"]
[Site "https://www.chess.com"]
[Date "2024.01.02"]
[Round "9"]
[White "Xie, Bryan"]
[Black "Caspi, Israel"]
[Result "1/2-1/2"]
[Board "83"]
[TimeControl "180+1"]
[WhiteFideId "30941296"]
[BlackFideId "2807394"]
[WhiteElo "2442"]
[BlackElo "2609"]
[WhiteTeam "USA"]
[BlackTeam "ISR"]
[WhiteClock "0:00:04"]
[BlackClock "0:00:55"]

1. e4 e5 2. Nf3 Nf6 3. Nxe5 d6 4. Nf3 Nxe4 5. Nc3 Nf6 6. d4 Be7 7. Bd3 O-O 8. O-O Bg4 9. h3 Bh5 10. Re1 Re8 11. Bf4 Nbd7 12. g4 Bg6 13. Bxg6 hxg6 14. Qd3 Nb6 15. Bg3 Qd7 16. a4 a5 17. Qb5 Qc6 18. Qxc6 bxc6 19. Re2 Bf8 20. Rae1 Rxe2 21. Rxe2 Nbd5 22. Nxd5 Nxd5 23. Nd2 Nb6 24. b3 f6 25. f4 Kf7 26. Kf2 d5 27. Nf1 c5 28. dxc5 Bxc5+ 29. Kf3 Rh8 30. h4 f5 31. g5 Re8 32. Rxe8 Kxe8 33. Bf2 Bxf2 34. Kxf2 c5 35. Ng3 Kf7 36. h5 gxh5 37. Nxf5 d4 38. Nd6+ Ke6 39. Nb7 Kf5 40. Nxc5 Kxf4 41. Ne6+ Kg4 42. Nxg7 d3 43. cxd3 Kxg5 44. Kg3 h4+ 45. Kh3 Nd5 46. Ne6+ Kh5 47. Ng7+ Kg6 48. Ne6 Kh5 49. d4 Nb4 50. Nd8 Nd3 51. Nc6 Nf4+ 52. Kh2 Kg4 53. Nxa5 Kf3 54. Nc4 Ke4 55. a5 Kxd4 56. a6 Nd5 57. a7 Nc7 58. Kh3 Kc3 59. Nb6 Kxb3 60. Kxh4 Kc2 61. Kg4 Kd3 62. Kf4 Kd4 63. Kf5 Kc5 64. Nc8 Kc6 65. Ke5 Kb7 66. Kd6 Kxc8 67. Kc6 Na8 68. Kd6 Kb7 69. Kd7 Kb6 70. Kd6 Nc7 71. a8=Q Nxa8 1/2-1/2

[Event "January 2 Late 2024"]
[Site "https://www.chess.com"]
[Date "2024.01.02"]
[Round "9"]
[White "Titus, Andrew"]
[Black "Travkina, Anastasia"]
[Result "0-1"]
[Board "84"]
[TimeControl "180+1"]
[WhiteFideId "2059770"]
[BlackFideId "24129151"]
[WhiteElo "2600"]
[BlackElo "2439"]
[WhiteTeam "USA"]
[BlackTeam "RUS"]
[WhiteClock "0:00:53"]
[BlackClock "0:01:34"]

1. e4 c5 2. Nf3 d6 3. d4 cxd4 4. Nxd4 Nf6 5. Nc3 g6 6. Be3 Bg7 7. f3 O-O 8. Qd2 Nc6 9. g4 Be6 10. Nxe6 fxe6 11. Bc4 Qc8 12. Bb3 Ne5 13. O-O-O Nc4 14. Bxc4 Qxc4 15. h4 Nd7 16. Bh6 Bxc3 17. bxc3 Qxa2 18. Qe3 Ne5 19. Qd4 Rxf3 20. h5 Rf2 21. Qxf2 Nc4 0-1

[Event "January 2 Late 2024"]
[Site "https://www.chess.com"]
[Date "2024.01.02"]
[Round "9"]
[White "xakevicius91"]
[Black "Palczert, Matyas"]
[Result "1-0"]
[Board "85"]
[TimeControl "180+1"]
[BlackFideId "784958"]
[WhiteElo "2501"]
[BlackElo "2571"]
[BlackTeam "HUN"]
[WhiteClock "0:00:38"]
[BlackClock "0:00:04"]

1. e4 c5 2. Nf3 e6 3. b3 b6 4. d4 Bb7 5. d5 Nf6 6. Nc3 exd5 7. exd5 d6 8. Bb5+ Nbd7 9. O-O Be7 10. a4 O-O 11. Re1 Ng4 12. h3 Nge5 13. Bb2 Nxf3+ 14. Qxf3 Bf6 15. Qg3 Be5 16. Qf3 Nf6 17. Rad1 a6 18. Bc4 Qd7 19. Ba1 Rfe8 20. Ne4 Bxa1 21. Rxa1 Nxe4 22. Rxe4 Rxe4 23. Qxe4 Re8 24. Qf3 b5 25. axb5 axb5 26. Bd3 Ra8 27. Re1 Re8 28. Ra1 Bc8 29. c4 b4 30. Qg3 Qe7 31. Ra8 g6 32. Kh2 Kg7 33. Qf4 Qf6 34. Kg3 h5 35. Qxf6+ Kxf6 36. h4 Ke5 37. Ra7 Kd4 38. Bb1 Kc3 39. Rxf7 Kxb3 40. Bxg6 Rg8 41. Rf6 Bf5 42. Rxf5 Rxg6+ 43. Kf3 Kxc4 44. Rxh5 b3 45. Rh7 Kxd5 46. Rb7 Kc4 47. g4 Kc3 48. h5 Rf6+ 49. Kg3 c4 50. g5 Rf5 51. f4 Kc2 52. g6 Rf8 53. h6 Rg8 54. f5 b2 55. h7 Rh8 56. g7 Rxh7 57. Rxb2+ Kxb2 58. g8=Q Rc7 59. Qb8+ Kc2 60. Qxc7 c3 61. f6 1-0

[Event "January 2 Late 2024"]
[Site "https://www.chess.com"]
[Date "2024.01.02"]
[Round "9"]
[White "Banerjee, Supratit"]
[Black "Jaque Gutierrez, Matias"]
[Result "1-0"]
[Board "86"]
[TimeControl "180+1"]
[WhiteFideId "2410079"]
[BlackFideId "3426980"]
[WhiteElo "2555"]
[BlackElo "2434"]
[WhiteTeam "SCO"]
[BlackTeam "CHI"]
[WhiteClock "0:00:05"]
[BlackClock "0:00:00"]

1. e4 c5 2. c3 Nf6 3. e5 Nd5 4. d4 cxd4 5. cxd4 e6 6. Nf3 d6 7. Nc3 Nxc3 8. bxc3 Qc7 9. Qc2 Nd7 10. exd6 Bxd6 11. Bd3 b6 12. O-O Bb7 13. Be4 Bxe4 14. Qxe4 O-O 15. Bd2 Rac8 16. Rac1 Qc4 17. Ng5 Nf6 18. Qh4 Qxa2 19. Nf3 Qd5 20. Bg5 Ne4 21. Be3 Rxc3 22. Ng5 Nxg5 23. Rxc3 Ne4 24. Rcc1 a5 25. Rfe1 Bb4 26. Red1 a4 27. Ra1 a3 28. Rdb1 Bd6 29. Rxb6 Rc8 30. Rbb1 h6 31. h3 a2 32. Re1 Bb4 33. Re2 Nc3 34. Rc2 Qb3 35. Rcxa2 Nxa2 36. Qg4 Kh8 37. Qh4 Kh7 38. Qe4+ Kh8 39. Qh4 Nc3 40. Ra7 Qd1+ 41. Kh2 Ne2 42. f4 Qd3 43. Qf2 Nc3 44. Rxf7 Ne4 45. Qf3 Rc2 46. Qg4 g6 47. Qxg6 1-0

[Event "January 2 Late 2024"]
[Site "https://www.chess.com"]
[Date "2024.01.02"]
[Round "9"]
[White "Lin, Bryan Enming"]
[Black "Rees, Ioan"]
[Result "0-1"]
[Board "87"]
[TimeControl "180+1"]
[WhiteFideId "30987121"]
[BlackFideId "1801236"]
[WhiteElo "2553"]
[BlackElo "2428"]
[WhiteTeam "USA"]
[BlackTeam "WLS"]
[WhiteClock "0:00:06"]
[BlackClock "0:00:21"]

1. e4 c6 2. Nf3 d5 3. exd5 cxd5 4. Ne5 Nc6 5. d4 e6 6. Bb5 Bd7 7. Nxd7 Qxd7 8. c3 Nf6 9. Bg5 Ne4 10. Be3 Be7 11. Nd2 Nd6 12. Bd3 O-O 13. O-O b5 14. Nf3 Rfc8 15. Qe2 b4 16. Rac1 a5 17. Rfd1 bxc3 18. bxc3 a4 19. h4 Ne4 20. c4 Ba3 21. Rc2 Nb4 22. Ne5 Qe7 23. Bxe4 dxe4 24. Rc3 Nd5 25. Rc2 Nxe3 26. Qxe3 Bd6 27. Qxe4 Bxe5 28. dxe5 Ra5 29. Rcd2 Rac5 30. Rd4 h5 31. g3 g6 32. Qf4 R5c7 33. Kh2 a3 34. R1d3 Kg7 35. Rf3 Kg8 36. Rfd3 Kg7 37. Kh3 Rb8 38. Qe3 Rb2 39. Rxa3 Rd7 40. Rxd7 Qxd7 41. Ra7 Qc6 42. f3 Qxc4 43. Qe1 Qc2 44. Qf1 Qh2# 0-1

[Event "January 2 Late 2024"]
[Site "https://www.chess.com"]
[Date "2024.01.02"]
[Round "9"]
[White "Lymar, Vladislav"]
[Black "Awoki, Daniel Teidi"]
[Result "0-1"]
[Board "88"]
[TimeControl "180+1"]
[WhiteFideId "14162180"]
[BlackFideId "2100827"]
[WhiteElo "2549"]
[BlackElo "2425"]
[WhiteTeam "UKR"]
[BlackTeam "BRA"]
[WhiteClock "0:00:00"]
[BlackClock "0:00:05"]

1. f4 d5 2. Nf3 g6 3. g3 Bg7 4. Bg2 Nf6 5. O-O O-O 6. d3 b6 7. c4 Bb7 8. cxd5 Bxd5 9. e4 Bb7 10. Nc3 c5 11. f5 Nc6 12. Bf4 Nd4 13. Qd2 Rc8 14. Rad1 a6 15. Bh6 Nxf3+ 16. Bxf3 Bxh6 17. Qxh6 Qd4+ 18. Kg2 b5 19. Rfe1 b4 20. Na4 Bc6 21. Nb6 Rb8 22. Nc4 Bb5 23. b3 Bxc4 24. dxc4 Qe5 25. Qf4 Qxf4 26. gxf4 gxf5 27. e5 Ne4 28. Bxe4 fxe4 29. Rxe4 Rfd8 30. Ree1 e6 31. Kf3 Kf8 32. Rd6 Rxd6 33. exd6 Rd8 34. Re5 Rxd6 35. Rxc5 Rd2 36. Ra5 Rxh2 37. Rxa6 h5 38. Rb6 Kg7 39. Rxb4 Rxa2 40. Kg3 Kg6 41. Rb5 Rc2 42. c5 Rc3+ 43. Kh4 Rf3 44. Rb4 Rc3 45. Rc4 Rxb3 46. c6 Rb8 47. c7 Rc8 48. Rc5 f6 49. Rc6 Kf5 50. Rc4 e5 51. fxe5 fxe5 52. Rc1 e4 53. Rf1+ Ke5 54. Kxh5 Rxc7 55. Kg4 Rg7+ 56. Kh3 e3 57. Rf8 Ke4 58. Re8+ Kf3 59. Rf8+ Ke2 60. Rf7 Rxf7 0-1

[Event "January 2 Late 2024"]
[Site "https://www.chess.com"]
[Date "2024.01.02"]
[Round "9"]
[White "Przybylski, Wojciech"]
[Black "Senft, Sean"]
[Result "1/2-1/2"]
[Board "89"]
[TimeControl "180+1"]
[WhiteFideId "1117599"]
[BlackFideId "2044960"]
[WhiteElo "2548"]
[BlackElo "2423"]
[WhiteTeam "POL"]
[BlackTeam "USA"]
[WhiteClock "0:00:04"]
[BlackClock "0:00:02"]

1. e4 c5 2. Nf3 d6 3. d4 cxd4 4. Nxd4 Nf6 5. Nc3 a6 6. h3 e6 7. g4 Be7 8. Bg2 Nfd7 9. O-O Nc6 10. Nde2 b5 11. Ng3 Bb7 12. a4 b4 13. Nce2 a5 14. Be3 O-O 15. f4 Qc7 16. g5 Rac8 17. Rf2 Qb8 18. f5 exf5 19. Nxf5 Rfe8 20. Rc1 Bf8 21. Nf4 Nce5 22. Bd4 Nc5 23. Nd5 Bxd5 24. exd5 g6 25. Ne3 Bg7 26. b3 Rc7 27. h4 Qc8 28. Rb1 Ncd7 29. h5 Re7 30. Bh3 Qe8 31. Bg2 Nd3 32. Qxd3 Bxd4 33. Qxd4 Rxe3 34. Rbf1 Nc5 35. Qf6 Ne4 36. Bxe4 Rxe4 37. Rg2 Qe7 38. h6 Qxf6 39. Rxf6 Re1+ 40. Kf2 Re5 41. Rxd6 Kf8 42. Kf3 Ke7 43. Ra6 Rxd5 44. Re2+ Kd7 45. Rf6 Kc8 46. Re8+ Rd8 47. Rxd8+ Kxd8 48. Ke4 Ke7 49. Ra6 Rc5 50. Ra7+ Ke6 51. Ra6+ Ke7 52. Kf4 Kd7 53. Ra7+ Ke6 54. Ra6+ Ke7 55. Kg4 Kd7 56. Kf4 Ke7 57. Ra7+ Ke6 58. Ra6+ Kd5 59. Ra7 Ke6 1/2-1/2

[Event "January 2 Late 2024"]
[Site "https://www.chess.com"]
[Date "2024.01.02"]
[Round "9"]
[White "Grinev, Valeriy"]
[Black "RemcoSpr"]
[Result "1-0"]
[Board "90"]
[TimeControl "180+1"]
[WhiteFideId "14117517"]
[WhiteElo "2540"]
[BlackElo "2401"]
[WhiteTeam "UKR"]
[WhiteClock "0:00:15"]
[BlackClock "0:00:02"]

1. e4 d6 2. d4 Nf6 3. f3 c6 4. c4 Nbd7 5. Nc3 e5 6. d5 c5 7. g4 Ng8 8. h4 Be7 9. h5 a6 10. Nh3 Bh4+ 11. Nf2 Bg5 12. a4 Bxc1 13. Qxc1 h6 14. a5 Ngf6 15. Bd3 Nh7 16. Nh3 Qh4+ 17. Ke2 Ng5 18. Qf1 Qg3 19. Nxg5 hxg5 20. Kd2 Qf4+ 21. Kc2 Qf6 22. Na4 Qd8 23. Qe1 Rb8 24. Qd2 f6 25. Ra3 Ke7 26. Rb3 g6 27. h6 Qf8 28. Qh2 Qd8 29. Nb6 Nxb6 30. Rxb6 Rh7 31. Qf2 Qh8 32. b4 cxb4 33. c5 Rxh6 34. Rxh6 Qxh6 35. Kb3 Qh1 36. cxd6+ Ke8 37. Kxb4 Qa1 38. Qc2 Bd7 39. Bc4 Rc8 40. Qb3 Qd1 41. Qxd1 1-0

[Event "January 2 Late 2024"]
[Site "https://www.chess.com"]
[Date "2024.01.02"]
[Round "9"]
[White "Tao, Sihan"]
[Black "Carrasco Miranda, Andres"]
[Result "0-1"]
[Board "91"]
[TimeControl "180+1"]
[WhiteFideId "30982677"]
[BlackFideId "3405990"]
[WhiteElo "2517"]
[BlackElo "2413"]
[WhiteTeam "USA"]
[BlackTeam "CHI"]
[WhiteClock "0:00:52"]
[BlackClock "0:00:10"]

1. e4 e5 2. Nf3 Nc6 3. Bc4 Bc5 4. d3 Nf6 5. Nc3 h6 6. O-O d6 7. Na4 Bb6 8. a3 Be6 9. Bxe6 fxe6 10. h3 O-O 11. c3 Ne7 12. b4 Ng6 13. Nxb6 axb6 14. a4 Qd7 15. Be3 Ra6 16. a5 Rfa8 17. Qb3 Nh5 18. Rab1 Nhf4 19. axb6 cxb6 20. d4 Ra3 21. Qc2 Rxc3 22. Qd2 Rd3 23. Qc2 Raa3 24. dxe5 dxe5 25. Kh2 Rac3 26. Qb2 Kh7 27. Nxe5 Nxe5 28. Bxf4 Nc4 29. Qe2 e5 30. Bg3 Rd2 31. Rfd1 Rcd3 32. Rxd2 Nxd2 33. Rd1 Nf3+ 34. Qxf3 Rxd1 35. Bxe5 Rd3 36. Qf4 Qe6 37. Bb2 Qg6 38. g4 Rb3 39. Bc1 Rxb4 40. f3 Rc4 41. Be3 Rc2+ 42. Kg3 Qf6 43. Qb8 Qc6 44. h4 Qc7+ 45. Bf4 Qxb8 46. Bxb8 b5 47. e5 b4 48. f4 b3 49. e6 b2 50. e7 Re2 51. Be5 b1=Q 52. e8=Q Qd3# 0-1